 Dungeon Crawl Stone Soup version 0.27.1-4-g1640c2035a (webtiles) character file.

Game seed: 18052797876657673751

112 raph the Poker (level 4, -2/33 HPs)
             Began as a Merfolk Gladiator on Nov 6, 2021.
             Was an Initiate of Yredelemnul.
             Succumbed to Crazy Yiuf's poison
             ... on level 2 of the Dungeon.
             The game lasted 00:03:43 (2425 turns).

raph the Poker (Merfolk Gladiator)                  Turns: 2425, Time: 00:03:44

Health: -2/33      AC:  6    Str: 14    XL:     4   Next: 95%
Magic:  4/4        EV: 28    Int:  7    God:    Yredelemnul [......]
Gold:   85         SH:  0    Dex: 16    Spells: 3/3 levels left

rFire    . . .     SeeInvis .   a - +0 trident
rCold    . . .     Faith    .   (no shield)
rNeg     . . .     Spirit   .   b - +0 leather armour
rPois    .         Reflect  .   k - +2 helmet
rElec    .         Harm     .   (no cloak)
rCorr    .         Rampage  .   (no gloves)
Will     .....                  (no boots)
Stlth    +.........             e - amulet of the acrobat
HPRegen  0.11/turn              (no ring)
MPRegen  0.09/turn              (no ring)

@: lethally poisoned (-2 -> -13), weak-willed, acrobatic
A: (nimble swimmer 2), mertail
a: Renounce Religion


You were on level 2 of the Dungeon.
You worshipped Yredelemnul.
Yredelemnul was noncommittal.
You visited 1 branch of the dungeon, and saw 3 of its levels.

You collected 85 gold pieces.

Inventory:

Hand Weapons
 a - a +0 trident (weapon)
Missiles
 d - 3 throwing nets (quivered)
 p - 6 poisoned darts
Armour
 b - a +0 leather armour (worn)
 c - a +0 helmet
 k - a +2 helmet (worn)
Jewellery
 e - an amulet of the acrobat (around neck)
 f - an amulet of guardian spirit
 j - an amulet of regeneration
 l - a ring of protection from cold
Scrolls
 h - 3 scrolls of identify
 q - a scroll of magic mapping {unknown}
Potions
 n - a potion of curing
 o - a potion of magic


   Skills:
 + Level 2.2 Fighting
 * Level 7.8 Polearms
 - Level 2.0 Throwing
 + Level 4.0 Dodging
 + Level 0.1 Stealth
 + Level 0.1 Invocations


You had 3 spell levels left.
You didn't know any spells.
Your spell library contained the following spells:

 Spells                   Type           Power      Damage    Failure   Level
 Pain                     Necr           0%         1d4       52%         1
 Agony                    Necr           0%         N/A       100%        5
 Excruciating Wounds      Necr           0%         N/A       100%        5


Dungeon Overview and Level Annotations

Branches:
Dungeon (3/15)

Altars:
Yredelemnul

Shops:
D:3 =

Annotations:
D:2 Crazy Yiuf
D:3 Sigmund


Innate Abilities, Weirdness & Mutations

((You are quick and stealthy near water. (Stealth+, EV+, Speed+++)))
Your lower body shifts to a powerful aquatic tail in water.


Message History

You swap places.
Crazy Yiuf yells, "Race eyeball forty-two!"
Your dart slug bites Crazy Yiuf.
You could not reach far enough!
Crazy Yiuf hits your dart slug with a +3 quarterstaff of chaos!
Your dart slug dies!
Your dart slug's corpse dissolves into shadows!
You reach to attack!
You barely miss Crazy Yiuf.
Crazy Yiuf is lightly wounded.
Crazy Yiuf yells, "Dawk!
Ten tortoise rumpyflump."
You completely miss Crazy Yiuf.
Crazy Yiuf is lightly wounded.
Crazy Yiuf hits you with a +3 quarterstaff of chaos.
Crazy Yiuf freezes you.
You hit Crazy Yiuf but do no damage.
Crazy Yiuf is lightly wounded.
Crazy Yiuf hits you with a +3 quarterstaff of chaos.
Your leather armour prevents you from hitting Crazy Yiuf.
Crazy Yiuf is lightly wounded.
Crazy Yiuf barely misses you.
You barely miss Crazy Yiuf.
Crazy Yiuf is lightly wounded.
Crazy Yiuf hits you with a +3 quarterstaff of chaos.
You are poisoned.
You closely miss Crazy Yiuf.
Crazy Yiuf is lightly wounded.
You feel very sick.
Crazy Yiuf hits you with a +3 quarterstaff of chaos!
* * * LOW HITPOINT WARNING * * *
Crazy Yiuf freezes you.
* * * LOW HITPOINT WARNING * * *
You are too injured to fight recklessly!
You are too injured to fight recklessly!
You are too injured to fight recklessly!
You are too injured to fight recklessly!
You are too injured to fight recklessly!
You are too injured to fight recklessly!
You swap places.
You die...
Your body rises from the dead as a mindless zombie.

# #.....##
#####
#######......#
#..)#
............##
#...#
########....##
... # ####..#
#'# # ####
♣♣.♣ # #####
♣g♣♣ # #...#
♣♣b♣ # #.###
♣@♣♣ ### #.#
♣♣.♣♣
..########.###
♣...♣♣
.............#
♣..P.♣
..########.###
#....# ..# #.#
#....## ..#
#.# ##....##
### #.#
##.#..# #.#
#####†..#.#


You could see Crazy Yiuf (ally target) and a friendly bat (summoned).

Vanquished Creatures
  Jessica (D:2)
  Robin (D:2)
  An adder (D:2)
  A worm (D:2)
  3 dart slugs
  7 bats
  5 endoplasms
  2 giant cockroaches (D:1)
  9 hobgoblins
  7 kobolds
  2 quokkas
  3 ball pythons
  8 goblins (D:2)
  3 rats
53 creatures vanquished.

Notes
Turn   | Place    | Note
-------+----------+-------------------------------------------
     0 | D:1      | raph the Merfolk Gladiator began the quest for the Orb.
     0 | D:1      | Reached XP level 1. HP: 16/16 MP: 1/1
   100 | D:1      | Reached skill level 5 in Polearms
   103 | D:1      | Reached XP level 2. HP: 22/22 MP: 2/2
   552 | D:1      | Reached skill level 6 in Polearms
   552 | D:1      | Reached XP level 3. HP: 27/27 MP: 3/3
  1192 | D:2      | Noticed Robin
  1224 | D:2      | Killed Robin
  1482 | D:2      | Reached XP level 4. HP: 33/33 MP: 4/4
  1553 | D:2      | Reached skill level 7 in Polearms
  1655 | D:2      | Found a basalt altar of Yredelemnul.
  1665 | D:2      | Became a worshipper of Yredelemnul the Dark
  1944 | D:2      | You fall into a shaft and drop 1 floor!
  1965 | D:3      | Noticed Sigmund
  1971 | D:3      | Found Keacs's Jewellery Emporium.
  2241 | D:2      | Noticed Jessica
  2247 | D:2      | Killed Jessica
  2406 | D:2      | Found a runed translucent door.
  2407 | D:2      | Noticed Crazy Yiuf
  2424 | D:2      | HP: 1/33 [Crazy Yiuf (4)]
  2425 | D:2      | Succumbed to Crazy Yiuf's poison

Illustrated notes

Levels and vault maps discovered:
D:1:      dpeg_arrival_simpleton_c, layout_loops_corners
D:2:      layout_loops_ring, basic_altar, columned_hall_lemuel, uniq_robin,
          uniq_crazy_yiuf_cottage, uniq_jessica
D:3:      layout_loops_ring, mainiacjoe_overflow_cross_hatched, serial_shops,
          shop, shapermc_ecumenical_altar_petra, uniq_sigmund

Skill      XL: |  1  2  3  4 |
---------------+-------------+-----
Polearms       | 5 6 7 |  7.8
Fighting       | |  2.2
Throwing       | |  2.0
Dodging        | |  4.0
Stealth        | |  0.1
Invocations    | |  0.1

Action                   |  1- 3 |  4- 6 || total
-------------------------+-------+-------++-------
Melee: Trident           |    97 |    56 ||   153
  Use: Scroll            |       |     4 ||     4
 Stab: Sleeping          |     4 |       ||     4
Armor: Leather armour    |    11 |     6 ||    17
Dodge: Dodged            |    32 |    28 ||    60
